 Dungeon Crawl Stone Soup version 0.30-a0-743-gbfdf073431 (webtiles) character file.

Game seed: 15434669467001070155

356412 browni3141 the Severer (level 21, -3/168 HPs)
             Began as a Mummy Cinder Acolyte on Feb 6, 2023.
             Was an Initiate of Ignis.
             Killed from afar by a storm dragon (13 damage)
             ... with a bolt of lightning
             ... on level 2 of the Depths.
             The game lasted 02:24:46 (75746 turns).

browni3141 the Severer (Mummy Cinder Acolyte)      Turns: 75746, Time: 02:24:46

Health: -3/168     AC: 40    Str: 25    XL:     21   Next: 5%
Magic:  0/23       EV:  8    Int: 18    God:    Ignis [......]
Gold:   2352       SH: 18    Dex: 15    Spells: 22/22 levels left

rFire   . . .      SeeInvis .    N - +8 demon trident "Rift" {distort, reach+}
rCold   + + .      Faith    +    u - +0 tower shield
rNeg    + + +      Spirit   .    y - +6 chain mail of the Farrier {rElec}
rPois   ∞          Reflect  .    M - +2 helmet {Int+3}
rElec   +          Harm     .    K - +2 cloak
rCorr   .          Rampage  .    Z - +3 Mad Mage's Maulers {Infuse+∞ VampMP -Cast}
Will    +++..      NoCast   +    l - +2 pair of boots {Fly} Stlth
                                 S - amulet of regeneration
HPRegen 1.28/turn                J - ring of willpower
MPRegen 0.18/turn                k - ring "Arevitz" {+Blink rC+ Dex+6 Stlth+}

@: doom-hounded, rising, fiery-armoured, flying, studying Ice Magic
A: cold resistance 1, negative energy resistance 3, torment resistance 2, heat
vulnerability 1, in touch with death 2, no potions, faith
}: 3/15 runes: serpentine, barnacled, slimy
a: Renounce Religion, Evoke Blink


You were on level 2 of the Depths.
You worshipped Ignis.
Ignis was noncommittal.
You visited 8 branches of the dungeon, and saw 40 of its levels.
You visited the Abyss 1 time.
You also visited: Ossuary, Bailey and Gauntlet.

You collected 5585 gold pieces.
You spent 3233 gold pieces at shops.

Inventory:

Hand Weapons
 a - a +9 war axe of flaming
 b - the +5 sling "Killer Klown's Foe" {drain, Contam rElec rPois Will++}
   (You found it in a Gauntlet)

   rElec:     It insulates you from electricity.
   rPois:     It protects you from poison.
   Contam:    It causes magical contamination when unequipped.
   Will:      It greatly increases your willpower.
 N - the +8 demon trident "Rift" (weapon) {distort, reach+}
   (You found it on level 4 of the Lair of Beasts)
Missiles
 o - 45 poisoned darts
 p - 6 throwing nets
 q - 18 curare-tipped darts
 s - 16 atropa-tipped darts
 C - 14 boomerangs
 I - 9 javelins
 O - 18 silver javelins (quivered)
Armour
 l - a +2 pair of boots of flying (worn)
 u - a +0 tower shield (worn)
 y - the +6 chain mail of the Farrier (worn) {rElec}
   (You found it on level 3 of the Lair of Beasts)

   rElec:     It insulates you from electricity.
 F - a +0 kite shield of reflection
 K - a +2 cloak (worn)
 M - a +2 helmet of intelligence (worn)
 Z - the +3 Mad Mage's Maulers (worn) {Infuse+∞ VampMP -Cast}
   (You found it in a bailey)

   Infuse+∞: It empowers its wearer's blows with all of their magic.
   VampMP:    Blows struck in melee replenish the wearer's magic.
   -Cast:     It prevents spellcasting.
Jewellery
 c - a ring of resist corrosion
 f - the ring of Naavow {rF+ rCorr Int+5 Stlth+}
   (You bought it in a shop on level 2 of the Orcish Mines)

   [ring of resist corrosion]

   Int:       It affects your intelligence (+5).
   rF:        It protects you from fire.
   rCorr:     It protects you from acid and corrosion.
   Stlth:     It makes you more stealthy.
 k - the ring "Arevitz" (right hand) {+Blink rC+ Dex+6 Stlth+}
   (You found it on level 4 of the Snake Pit)

   [ring of dexterity]

   Dex:       It affects your dexterity (+6).
   rC:        It protects you from cold.
   +Blink:    It lets you blink.
   Stlth:     It makes you more stealthy.
 m - the ring "Ubrara" {Wiz rC+ Int+3 Stlth+}
   (You found it in a Gauntlet)

   [ring of wizardry]

   It improves your spell success rate.
   Int:       It affects your intelligence (+3).
   rC:        It protects you from cold.
   Stlth:     It makes you more stealthy.
 r - a +4 ring of protection
 z - a +6 ring of dexterity
 E - a ring of see invisible
 J - a ring of willpower (left hand)
 S - an amulet of regeneration (around neck)
 X - the ring of Jytos {Fly rPois}
   (You found it on level 3 of the Snake Pit)

   [ring of flight]

   rPois:     It protects you from poison.
   Fly:       It grants you flight.
Wands
 g - a wand of mindburst (14)
 j - a wand of roots (7)
 D - a wand of flame (90)
 G - a wand of polymorph (11)
 U - a wand of digging (9)
 V - a wand of paralysis (21)
Scrolls
 d - 9 scrolls of blinking
 e - 13 scrolls of fear
 h - 9 scrolls of poison
 i - 10 scrolls of amnesia
 t - 21 scrolls of teleportation
 v - 7 scrolls of fog
 A - 9 scrolls of enchant weapon
 B - 13 scrolls of magic mapping
 H - a scroll of silence
 L - 3 scrolls of vulnerability
 P - a scroll of torment
 Q - 7 scrolls of enchant armour
 R - a scroll of immolation
Miscellaneous
 n - a condenser vane (inert)
 w - a piece from Xom's chessboard (15/15)
 x - a box of beasts (inert)
 T - a lightning rod (3/4)
 W - a tin of tremorstones (inert)
 Y - a phantom mirror (inert)


   Skills:
 + Level 15.0 Fighting
 - Level 15.8(16.4) Axes
 * Level 7.1(12.4) Polearms
 - Level 12.0 Throwing
 + Level 12.8 Armour
 - Level 4.0 Dodging
 * Level 14.0 Shields
 - Level 1.3 Spellcasting
 - Level 2.4 Fire Magic
 + Level 14.0 Evocations


You had 22 spell levels left.
You didn't know any spells.
Your spell library contained the following spells:

 Spells                   Type           Power      Damage    Failure   Level
 Scorch                   Fire           18%        2d5       88%         2
 Foxfire                  Conj/Fire      20%        2x1d5     91%         1
 Kiss of Death            Conj/Necr      8%         2d6       98%         1
 Blink                    Tloc           2%         N/A       99%         2
 Cigotuvi's Dreadful Rot  Necr/Pois/Air  4%         N/A       99%         2
 Lesser Beckoning         Tloc           2%         N/A       99%         2
 Momentum Strike          Conj/Tloc      2%         3d8       99%         2
 Poisonous Vapours        Pois/Air       2%         N/A       99%         2
 Inner Flame              Hex/Fire       5%         N/A       99%         3
 Confusing Touch          Hex            1%         N/A       100%        3
 Dazzling Flash           Conj/Hex       2%         N/A       100%        3
 Hailstorm                Conj/Ice       1%         3d3       100%        3
 Ignite Poison            Fire/Tmut/Pois 4%         N/A       100%        3
 Kindle Blastsparks       Fire/Tloc/Air  8%         2d10      100%        3
 Mephitic Cloud           Conj/Pois/Air  1%         N/A       100%        3
 Stone Arrow              Conj/Erth      2%         3d7       100%        3
 Summon Guardian Golem    Hex/Summ       1%         N/A       100%        3
 Airstrike                Air            0%         2d(1-17)  100%        4
 Animate Armour           Summ/Erth      2%         N/A       100%        4
 Animate Dead             Necr           2%         N/A       100%        4
 Cause Fear               Hex            0%         N/A       100%        4
 Dispel Undead            Necr           2%         3d7       100%        4
 Iskenderun's Mystic Bla  Conj/Tloc      1%         2d3       100%        4
 Olgreb's Toxic Radiance  Pois           1%         N/A       100%        4
 Sticky Flame             Conj/Fire      5%         2d3       100%        4
 Summon Lightning Spire   Summ/Air       1%         N/A       100%        4
 Agony                    Necr           2%         N/A       100%        5
 Borgnjor's Vile Clutch   Necr/Erth      1%         N/A       100%        5
 Freezing Cloud           Conj/Ice/Air   0%         6-21      100%        5
 Iskenderun's Battlesphe  Conj           1%         2d6       100%        5
 Lightning Bolt           Conj/Air       0%         1d11      100%        5
 Silence                  Hex/Air        0%         N/A       100%        5
 Summon Forest            Summ/Tloc      0%         N/A       100%        5
 Summon Mana Viper        Hex/Summ       1%         N/A       100%        5
 Death Channel            Necr           1%         N/A       100%        6
 Eringya's Noxious Bog    Tmut/Pois      0%         N/A       100%        6
 Iron Shot                Conj/Erth      0%         9d1       100%        6
 Simulacrum               Ice/Necr       1%         N/A       100%        6
 Starburst                Conj/Fire      2%         6d3       100%        6
 Spellforged Servitor     Conj/Summ      0%         N/A       100%        7
 Summon Hydra             Summ           0%         N/A       100%        7
 Discord                  Hex            0%         N/A       100%        8
 Ignition                 Fire           4%         3d4       100%        8
 Lehudib's Crystal Spear  Conj/Erth      0%         10d2      100%        8
 Chain Lightning          Conj/Air       0%         2d1       100%        9
 Fire Storm               Conj/Fire      2%         8d1       100%        9
 Polar Vortex             Ice            0%         N/A       100%        9
 Shatter                  Erth           0%         3d5*      100%        9
 Ice Form                 Ice/Tmut       Unusable   N/A       N/A         4
 Dragon Form              Tmut           Unusable   N/A       N/A         7
 Storm Form               Tmut/Air       Unusable   N/A       N/A         7

Dungeon Overview and Level Annotations

Branches:
Dungeon (15/15)            Temple (0/1) D:6            Lair (5/5) D:8
 Shoals (4/4) Lair:3        Snake (4/4) Lair:2        Slime (5/5) Lair:4
    Orc (2/2) D:12            Elf (3/3) Orc:2        Vaults (0/5) D:14
 Depths (2/4) D:15        Ossuary (visited)          Bailey (visited)
Gauntlet (visited)

Altars:
Ashenzari
Dithmenos
Fedhas
Gozag
Hepliaklqana
Kikubaaqudgha
Makhleb
Okawaru
Ru
Sif Muna
Vehumet
Xom
Jiyva

Shops:
D:1 :   D:9 [   Orc:2 ==[[(   Elf:2 ??**?   Shoals:1 (   Shoals:2 [
Shoals:4 :*   Snake:3 *?   Snake:4 *   Depths:2 (?:

Portals:
Hell: Depths:1
Ziggurat: Depths:2

Annotations:
Lair:2 exclusion: oklob plant
Shoals:3 Roxanne
Depths:1 4 transporters
Depths:2 Grunn


Innate Abilities, Weirdness & Mutations

You are immune to poison.
Your flesh is cold resistant. (rC+)
You are immune to negative energy. (rN+++)
You are immune to unholy pain and torment.
You are vulnerable to heat. (rF-)
You are strongly in touch with the powers of death.
You do not drink.
You have a special connection with the divine. (Faith)


Message History

You can no longer call a swarm of foxfires against your foes.
The storm dragon bites you but does no damage.
The storm dragon claws you but does no damage.
You block the storm dragon's attack. The stone giant hits you!
* * * LOW HITPOINT WARNING * * *
The stone giant is burned by your cloak of flames.
The stone giant is lightly wounded.
You hit the storm dragon but do no damage.
Space warps horribly around the storm dragon!
The storm dragon is lightly wounded.
You block the storm dragon's attack. x2
The storm dragon tramples you but does no damage.
A fire dragon comes into view.
The stone giant hits you!
* * * LOW HITPOINT WARNING * * *
The stone giant is burned by your cloak of flames.
The stone giant is lightly wounded.
Okay, then.
Unknown command.
Press: ? - help, v - describe, . - travel
Here: a storm dragon (lightly wounded)
The floor.
Unknown command.
As you read the scroll of fear, it crumbles to dust.
You assume a fearsome visage.
The caustic shrike easily resists.
The fire dragon looks frightened!
The stone giant easily resists.
The juggernaut resists with almost no effort.
The storm dragon resists with almost no effort.
The spriggan defender resists with almost no effort.
You block the storm dragon's attack.
The storm dragon claws you but does no damage.
The storm dragon tramples you.
* * * LOW HITPOINT WARNING * * *
You hold your ground!
The stone giant hits you.
* * * LOW HITPOINT WARNING * * *
The storm dragon breathes lightning at you.
The bolt of lightning hits you. You resist.
* * * LOW HITPOINT WARNING * * *
The bolt of lightning hits you! You resist.
You die...

###......##
### #####
####..
#.....8#
#####
####.#
###...####
#### ##.#
....###
#### .'.#
##### ####
##.# ### .D
### b#
#@##.##.##.
#DCbC.....i
#.##i##.##D
#(# .# ###
.. .## .#
C. .#


You could see a juggernaut, a caustic shrike, a storm dragon (catching breath),
a stone giant and a spriggan defender.

Vanquished Creatures
  the Royal Jelly (Slime:5)
  A doom hound (Depths:2)
  2 tentacled monstrosities (Abyss:2)
  A lich (Depths:1)
  3 deep elf blademasters
  2 quicksilver dragons (Snake:4)
  24 acid blobs
  Polyphemus (Shoals:2)
  2 deep elf master archers (Elf:3)
  2 tentacled starspawn (Abyss:2)
  2 sphinxes
  A kraken (Shoals:3)
  Kirke (D:12)
  Agnes (Snake:4)
  14 azure jellies
  13 rockslimes
  A frost giant (Depths:2)
  4 nagarajas
  6 deep elf sorcerers
  Louise (D:15)
  2 deep elf elementalists (Elf:3)
  An orc warlord (Orc:2)
  A juggernaut skeleton (Abyss:2)
  Aizul (Snake:4)
  7 quicksilver oozes
  4 stone giants
  A dire elephant (Gauntlet)
  10 deep elf demonologists (Elf:3)
  A minotaur (Gauntlet)
  9 deep elf annihilators
  Nessos (D:15)
  Azrael (Snake:2)
  A lorocyproca (Abyss:2)
  3 deep elf death magi
  7 merfolk impalers
  2 fire dragons
  2 ettins (Depths:1)
  8 merfolk javelineers
  4 great orbs of eyes
  The ghost of Valagong the Cleaver, a journeyman MiFi of Okawaru (D:10)
  A deep elf high priest (Elf:3)
  An ice dragon (Depths:1)
  The ghost of bande the Cleaver, a journeyman GrFi of Okawaru (Lair:4)
  4 salamander tyrants
  3 ogre magi
  Erolcha (D:9)
  A spriggan air mage (Depths:1)
  2 hydras
  A boulder beetle (D:15)
  7 centaur warriors
  A merfolk avatar (Shoals:4)
  10 two-headed ogres
  An alligator snapping turtle (Shoals:4)
  A catoblepas (D:12)
  4 naga warriors
  4 tengu warriors
  2 death yaks (Shoals:2)
  2 satyrs (Shoals:3)
  3 merfolk aquamancers (Shoals:4)
  4 thrashing horrors (Abyss:2)
  2 deep troll shamans (Depths:2)
  13 anacondas
  A deep troll earth mage (Depths:2)
  26 dancing weapons
  7 naga sharpshooters (Snake:4)
  6 shock serpents
  An orc high priest (Elf:2)
  14 deep elf knights
  Sonja (Lair:2)
  2 soul eaters (D:14)
  A sun demon (Depths:1)
  5 skeletal warriors
  3 sixfirhies (D:14)
  25 sea snakes
  5 salamander mystics
  3 glowing orange brains
  7 deep trolls
  7 naga ritualists
  6 deep elf archers
  29 deep elf pyromancers
  3 orc knights
  11 ugly things
  2 wizards
  7 large abominations (Abyss:2)
  15 harpies
  17 fauns
  A wolf spider (Lair:5)
  15 deep elf zephyrmancers
  18 mana vipers
  6 cyclopes
  17 manticores
  13 salamanders
  6 shining eyes
  An eye of devastation (shapeshifter) (Depths:1)
  2 rust devils (D:14)
  4 guardian serpents
  55 black mambas
  13 merfolk sirens
  A black mamba (shapeshifter) (D:14)
  Joseph (D:7)
  17 naga magi
  4 eyes of devastation
  11 water nymphs
  7 elephants
  6 gargoyles
  A smoke demon (D:14)
  8 cane toads
  3 orange demons (D:14)
  Maggie (D:7)
  Psyche (D:12)
  A rime drake (Lair:4)
  2 unseen horrors
  13 komodo dragons
  2 kobold demonologists (D:10)
  An efreet (D:14)
  2 ice devils (D:14)
  3 hellwings
  5 tengu conjurers
  3 red devils (D:14)
  2 hornets (Lair:5)
  A wolf spider simulacrum (D:15)
  7 polar bears
  6 meliai
  28 merfolk
  10 wind drakes
  13 trolls
  3 small abominations (Abyss:2)
  4 raiju (Abyss:2)
  14 snapping turtles
  Prince Ribbit (D:7)
  9 dream sheep
  14 blink frogs
  60 slime creatures
  5 flying skulls (Abyss:2)
  8 water elementals
  2 shadows
  12 wyverns
  35 yaks
  2 air elementals
  2 basilisks
  5 fire elementals
  5 wraiths
  A basilisk (shapeshifter) (D:14)
  2 vampires
  13 golden eyes
  3 humans (D:12)
  8 starcursed masses
  3 redbacks (Lair:5)
  3 chaos spawn (Abyss:2)
  4 steam dragons
  10 vampire mosquitoes
  2 neqoxecs
  3 wargs
  30 nagas
  5 acid dragons
  A two-headed ogre zombie (D:12)
  27 water moccasins
  Duvessa (D:7)
  3 hell hounds
  9 orc warriors
  3 ice beasts
  3 sky beasts (D:10)
  23 ogres
  A black bear (Lair:2)
  13 centaurs
  25 wolves
  2 boggarts
  3 phantoms
  17 bullfrogs
  15 kobold brigands
  A necrophage (D:4)
  2 gnoll sergeants
  A scorpion (D:5)
  A wight (D:6)
  Dowan (D:7)
  2 troll zombies (D:12)
  11 killer bees
  8 vampire bats (Bailey)
  6 wolf zombies (Bailey)
  6 electric eels
  11 howler monkeys
  3 quasits (Abyss:2)
  6 jellies
  A hound (D:7)
  6 orc priests
  A gnoll bouda (D:6)
  2 iguanas (D:4)
  10 orc wizards
  5 hell rats (Lair:5)
  5 ogre zombies (D:12)
  12 mummies (Ossuary)
  11 adders
  17 gnolls
  4 shadow imps
  5 ufetubi
  A worm (D:4)
  The ghost of Esekla the Sneak, a weakling OpDe (D:5)
  5 dart slugs
  44 orcs
  5 ball pythons
  2 bats
  9 endoplasms
  6 giant cockroaches
  10 goblins
  6 hobgoblins
  2 jackals (D:3)
  4 quokkas
  5 frilled lizards
  A gnoll skeleton (Ossuary)
  4 goblin skeletons
  A goblin zombie (D:12)
  A hobgoblin skeleton (D:12)
  3 hobgoblin zombies (D:12)
  14 kobolds
  7 orc skeletons
  35 orc zombies
  4 rats
  11 rat skeletons (Ossuary)
  3 starspawn tentacles (Abyss:2)
  A tentacle (Shoals:3)
1471 creatures vanquished.

Vanquished Creatures (collateral kills)
  Donald (Snake:4)
  A catoblepas (Shoals:2)
  A wizard (Elf:1)
  2 deep elf pyromancers (Elf:1)
  2 deep elf zephyrmancers
7 creatures vanquished.

Vanquished Creatures (others)
  A deep elf knight (Elf:2)
  A naga ritualist (Snake:2)
  A deep elf zephyrmancer (Elf:2)
  2 large abominations (Abyss:2)
  A black mamba (Snake:2)
  An air elemental (Elf:2)
  3 small abominations (Abyss:2)
  An orc priest (Elf:2)
  2 orc zombies (D:12)
  A bush (Abyss:2)
  2 demonic plants (D:14)
  20 foxfires
  31 fungi
  172 plants
  5 starspawn tentacles (Abyss:2)
  7 tentacles (Shoals:3)
251 creatures vanquished.

Grand Total: 1729 creatures vanquished

Notes
Turn   | Place    | Note
-------+----------+-------------------------------------------
     0 | D:1      | browni3141 the Mummy Cinder Acolyte began the quest for the
                  | Orb.
     0 | D:1      | Reached XP level 1. HP: 18/18 MP: 2/2
   106 | D:1      | Found Onankiz's Book Shop.
   184 | D:1      | Reached XP level 2. HP: 24/24 MP: 4/4
  1001 | D:2      | Found a shimmering blue altar of Sif Muna.
  1058 | D:2      | Gained mutation: You are in touch with the powers of death.
                  | [Mummy growth]
  1058 | D:2      | Reached XP level 3. HP: 22/29 MP: 2/5
  1354 | D:2      | Reached skill level 1 in Polearms
  1678 | D:2      | Reached XP level 4. HP: 35/35 MP: 6/6
  3009 | D:3      | Reached XP level 5. HP: 39/41 MP: 4/7
  3330 | D:2      | Found a shimmering blue altar of Sif Muna.
  3983 | D:2      | Found a shimmering blue altar of Sif Muna.
  5061 | D:4      | Reached skill level 1 in Armour
  5563 | D:4      | Noticed a phantom
  5609 | D:4      | Killed a phantom
  5610 | D:4      | Reached XP level 6. HP: 46/47 MP: 6/8
  5673 | D:4      | Identified the +2 ring mail of Jask {Str+5 Dex-5 SInv
                  | Stlth+}
  5929 | D:5      | Entered Level 5 of the Dungeon
  5929 | D:5      | Noticed a water moccasin
  5997 | D:5      | Killed a water moccasin
  6094 | D:5      | Reached XP level 7. HP: 51/52 MP: 7/9
  6139 | D:5      | Found a shadowy altar of Dithmenos.
  6141 | D:5      | Found a radiant altar of Vehumet.
  6144 | D:5      | Found a shimmering altar of Xom.
  6148 | D:5      | Found an opulent altar of Gozag.
  6150 | D:5      | Found an iron altar of Okawaru.
  6161 | D:5      | Found an ancient bone altar of Kikubaaqudgha.
  6161 | D:5      | Found a burning altar of Makhleb.
  6173 | D:5      | Found a hazy altar of Hepliaklqana.
  6178 | D:5      | Found a blossoming altar of Fedhas.
  6269 | D:5      | Reached skill level 1 in Shields
  6303 | D:5      | Found a runed translucent gate.
  6303 | D:5      | Found a runed translucent gate.
  6305 | D:5      | Found a runed translucent gate.
  6371 | D:5      | Noticed Esekla's ghost (weakling OpDe)
  6980 | D:6      | Reached XP level 8. HP: 60/60 MP: 8/10
  6987 | D:6      | Found a staircase to the Ecumenical Temple.
  7276 | D:6      | Reached skill level 5 in Axes
  7905 | D:7      | Noticed Prince Ribbit
  7905 | D:7      | Noticed Maggie
  7919 | D:7      | Killed Maggie
  7926 | D:7      | Killed Prince Ribbit
  8161 | D:7      | Reached XP level 9. HP: 53/65 MP: 8/11
  8220 | D:7      | Noticed Joseph
  8304 | D:5      | Killed Esekla's ghost
  8553 | D:7      | Killed Joseph
  8554 | D:7      | Reached skill level 1 in Evocations
  8645 | D:7      | Noticed Duvessa
  8646 | D:7      | Noticed Dowan
  8657 | D:7      | Killed Duvessa
  8667 | D:7      | Killed Dowan
  8988 | D:8      | Found a sand-covered staircase.
  9014 | Ossuary  | Entered an ossuary
  9129 | Ossuary  | Reached skill level 1 in Throwing
  9712 | D:8      | Reached skill level 5 in Fighting
  9716 | D:8      | Identified the amulet of Xom's Full Attention {Spirit Str-2
                  | Dex+7 Slay+2}
  9840 | D:8      | Identified the +3 falchion of Honour {flame, rC+ Will+
                  | SInv}
  9961 | D:8      | Found a staircase to the Lair.
 10133 | D:9      | Found Powaziss's Armour Emporium.
 10195 | D:9      | Reached XP level 10. HP: 60/74 MP: 9/12
 10424 | D:9      | Noticed Erolcha
 10430 | D:9      | Killed Erolcha
 10461 | D:9      | Got the Almanac of Combustive Blight
 10933 | D:10     | Entered Level 10 of the Dungeon
 11122 | D:10     | Found a flagged portal.
 11267 | Bailey   | Entered a bailey
 11279 | Bailey   | Reached skill level 1 in Dodging
 11467 | Bailey   | Noticed a gargoyle
 11482 | Bailey   | Killed a gargoyle
 11769 | Bailey   | Reached XP level 11. HP: 81/81 MP: 13/13
 11769 | Bailey   | Found the +3 Mad Mage's Maulers {Infuse+∞ VampMP -Cast}
 11962 | D:10     | Found a runed translucent gate.
 11962 | D:10     | Found a runed translucent gate.
 11965 | D:10     | Noticed Valagong's ghost (journeyman MiFi)
 11968 | D:10     | Found a runed translucent gate.
 12063 | D:10     | Reached skill level 10 in Axes
 12433 | D:9      | Bought a +0 pair of boots for 67 gold pieces
 12496 | Lair:1   | Entered Level 1 of the Lair of Beasts
 14461 | Lair:2   | Reached XP level 12. HP: 70/88 MP: 2/14
 14603 | Lair:2   | Found a staircase to the Snake Pit.
 14732 | Lair:2   | Noticed Sonja
 15338 | Lair:2   | Found a blossoming altar of Fedhas.
 15411 | Lair:2   | Killed Sonja
 16520 | Lair:3   | Identified the +6 chain mail of the Farrier {rElec}
 16522 | Lair:3   | Found a staircase to the Shoals.
 17797 | Lair:4   | Found a staircase to the Slime Pits.
 17797 | Lair:4   | Found a viscous altar of Jiyva.
 17951 | Lair:4   | Reached skill level 5 in Armour
 18449 | Lair:4   | Gained mutation: You are strongly in touch with the powers
                  | of death. [Mummy growth]
 18449 | Lair:4   | Reached XP level 13. HP: 89/93 MP: 1/15
 18564 | Lair:4   | Found a runed translucent gate.
 18564 | Lair:4   | Noticed an azure jelly
 18571 | Lair:4   | Found a runed translucent gate.
 18571 | Lair:4   | Noticed an acid blob
 18572 | Lair:4   | Found a runed translucent gate.
 18572 | Lair:4   | Noticed bande's ghost (journeyman GrFi)
 18572 | Lair:4   | Noticed an azure jelly
 18572 | Lair:4   | Noticed an azure jelly
 18573 | Lair:4   | Noticed an acid blob
 18574 | Lair:4   | Noticed an acid blob
 18579 | Lair:4   | Noticed an acid blob
 18584 | Lair:4   | Noticed an acid blob
 18585 | Lair:4   | Noticed an acid blob
 18585 | Lair:4   | Noticed a quicksilver ooze
 18586 | Lair:4   | Noticed an acid blob
 18587 | Lair:4   | Noticed an acid blob
 18689 | Lair:4   | Found a viscous altar of Jiyva.
 18689 | Lair:4   | Found the +8 demon trident "Rift" {distort, reach+}
 18720 | Lair:4   | Reached skill level 5 in Evocations
 19692 | Lair:5   | Entered Level 5 of the Lair of Beasts
 20289 | Lair:5   | Reached skill level 15 in Axes
 24687 | D:12     | Found a staircase to the Orcish Mines.
 24720 | D:12     | Reached XP level 14. HP: 48/100 MP: 2/16
 24732 | D:12     | Noticed Psyche
 24735 | D:12     | Noticed Kirke
 24744 | D:12     | Killed Kirke
 24750 | D:12     | Killed Psyche
 25146 | D:12     | Found a broken altar of Ashenzari.
 25741 | Orc:1    | Entered Level 1 of the Orcish Mines
 26180 | Orc:2    | Entered Level 2 of the Orcish Mines
 26320 | Orc:2    | Found Qaysm's Weapon Boutique.
 26321 | Orc:2    | Found Magh's Antique Armour Shop.
 26529 | Orc:2    | Reached skill level 5 in Throwing
 26583 | Orc:2    | Found Ohinuw's Antique Armour Shoppe.
 26589 | Orc:2    | Found Xamofoeb's Jewellery Boutique.
 26930 | Orc:2    | Found a staircase to the Elven Halls.
 26985 | Orc:2    | Found Ulopp's Jewellery Boutique.
 27556 | Orc:2    | Bought a glowing helmet for 112 gold pieces
 27576 | Orc:2    | Bought a pair of embroidered boots for 247 gold pieces
 27576 | Orc:2    | Bought a pair of runed boots for 247 gold pieces
 27593 | Orc:2    | Bought the ring "Loybuase" {rC+ rN+} for 543 gold pieces
 27625 | Orc:1    | Noticed an orc warlord
 27746 | Orc:2    | Killed an orc warlord
 28013 | Orc:2    | Bought a ring of see invisible for 225 gold pieces
 28439 | D:13     | Found a gate leading to a gauntlet.
 28445 | Gauntlet | Entered a Gauntlet
 28445 | Gauntlet | Found a transporter.
 28468 | Gauntlet | Noticed a balrug
 28478 | Gauntlet | Found a transporter.
 28499 | Gauntlet | Found a transporter.
 28503 | Gauntlet | Found a transporter.
 28520 | Gauntlet | Found a transporter.
 28533 | Gauntlet | Found a transporter.
 28547 | Gauntlet | Found a transporter.
 28577 | Gauntlet | Found a transporter.
 28577 | Gauntlet | Found a transporter.
 28584 | Gauntlet | Found a transporter.
 28612 | Gauntlet | Found a transporter.
 28612 | Gauntlet | Found a transporter.
 28734 | Gauntlet | Got Moulorote's Vellum of the Vapourous Black Widow
 28916 | Gauntlet | Identified the ring "Ubrara" {Wiz rC+ Int+3 Stlth+}
 28922 | Gauntlet | Identified the amulet "Edasegil" {Faith rC+}
 28960 | Gauntlet | Identified the +6 scale mail of the Game of Kings {Int+2}
 28978 | Gauntlet | Identified the +5 sling "Killer Klown's Foe" {drain, Contam
                  | rElec rPois Will++}
 29243 | Orc:2    | Bought the ring of Naavow {rF+ rCorr Int+5 Stlth+} for 662
                  | gold pieces
 29334 | D:13     | Found a sacrificial altar of Ru.
 31022 | D:14     | Reached XP level 15. HP: 104/111 MP: 0/17
 32269 | D:14     | Found a gate to the Vaults.
 33031 | D:14     | Reached skill level 10 in Evocations
 33417 | D:15     | Entered Level 15 of the Dungeon
 33695 | D:15     | Noticed Louise
 33714 | D:15     | Killed Louise
 33717 | D:15     | Noticed Nessos
 33732 | D:15     | Killed Nessos
 34608 | D:15     | Reached skill level 10 in Fighting
 35266 | D:15     | Found a staircase to the Depths.
 35501 | D:10     | Killed Valagong's ghost
 35766 | Snake:1  | Entered Level 1 of the Snake Pit
 37711 | Snake:2  | Reached skill level 5 in Shields
 37811 | Snake:2  | Reached XP level 16. HP: 124/124 MP: 3/18
 38509 | Snake:2  | Noticed Azrael
 38511 | Snake:2  | Killed Azrael
 41028 | Snake:3  | Found Cyuschui's Assorted Antiques.
 41189 | Snake:3  | Found Ebadum's Magic Scroll Shoppe.
 41195 | Snake:3  | Bought a scroll of blinking for 112 gold pieces
 41195 | Snake:3  | Bought a scroll of enchant armour for 112 gold pieces
 41359 | Snake:3  | Identified the ring of Jytos {Fly rPois}
 43162 | Snake:4  | Entered Level 4 of the Snake Pit
 43563 | Snake:4  | Noticed Aizul
 43564 | Snake:4  | Noticed Agnes
 43571 | Snake:4  | Killed Agnes
 43583 | Snake:4  | Killed Aizul
 43859 | Snake:4  | Reached XP level 17. HP: 135/135 MP: 3/19
 43934 | Snake:4  | Noticed Donald
 43942 | Snake:4  | Killed Donald
 44107 | Snake:4  | Found Erumull's Assorted Antiques.
 44271 | Snake:4  | Identified the ring "Arevitz" {+Blink rC+ Dex+6 Stlth+}
 44720 | Snake:4  | Noticed a quicksilver dragon
 44884 | Snake:4  | Killed a quicksilver dragon
 45417 | Snake:4  | Noticed a quicksilver dragon
 45436 | Snake:4  | Killed a quicksilver dragon
 46199 | Snake:4  | Got a serpentine rune of Zot
 46914 | Shoals:1 | Entered Level 1 of the Shoals
 46931 | Shoals:1 | Reached skill level 10 in Armour
 48722 | Shoals:1 | Found Tuextoit's Weapon Boutique.
 50201 | Shoals:2 | Identified the +0 pair of gloves of the Dropbear {rPois}
 50298 | Shoals:2 | Found Nehauth's Armour Shop.
 50482 | Shoals:2 | Noticed Polyphemus
 50503 | Shoals:2 | Killed Polyphemus
 51423 | Shoals:3 | Reached XP level 18. HP: 102/146 MP: 1/20
 51774 | Shoals:3 | Identified the +7 flail "Oriewe" {flame, rF+}
 51809 | Shoals:3 | Noticed Roxanne
 53329 | Shoals:4 | Entered Level 4 of the Shoals
 53991 | Shoals:4 | Reached skill level 10 in Shields
 54634 | Shoals:4 | Found Tyavus's Gadget Gallery.
 54642 | Shoals:4 | Bought a box of beasts for 600 gold pieces
 55147 | Shoals:4 | Found Zuevyif's Book Emporium.
 55246 | Shoals:4 | Reached skill level 10 in Throwing
 55253 | Shoals:4 | Got a barnacled rune of Zot
 56326 | Elf:1    | Entered Level 1 of the Elven Halls
 58137 | Elf:2    | Found Tioloto's General Store.
 58244 | Elf:2    | Bought a scroll of magic mapping for 105 gold pieces
 58407 | Elf:2    | Found Jize's Magic Scroll Boutique.
 58530 | Elf:2    | Found Giduon's Assorted Antiques.
 58535 | Elf:2    | Found Meczibb's Magic Scroll Shop.
 58541 | Elf:2    | Identified the +6 plate armour of Impatience {rN+++ Str-3
                  | Int+2 Dex+2}
 58822 | Elf:2    | Reached XP level 19. HP: 140/152 MP: 0/21
 58955 | Elf:2    | Found a runed translucent gate.
 58956 | Elf:2    | Found a runed translucent gate.
 58956 | Elf:2    | Found a runed translucent gate.
 58996 | Elf:2    | Paralysed by an air elemental for 1 turns
 59317 | Elf:2    | Found Fofutw Ubar's Magic Scroll Shop.
 61702 | Lair:4   | Killed bande's ghost
 62088 | Elf:3    | Entered Level 3 of the Elven Halls
 62103 | Elf:3    | Found an ancient bone altar of Kikubaaqudgha.
 62933 | Abyss:2  | Cast into level 2 of the Abyss (a deep elf sorcerer)
 63175 | Abyss:2  | Found a broken altar of Ashenzari.
 63175 | Abyss:2  | Found a burning altar of Makhleb.
 63175 | Abyss:2  | Found a stormy altar of Qazlal.
 63175 | Abyss:2  | Found a snail-covered altar of Cheibriados.
 63175 | Abyss:2  | Found a radiant altar of Vehumet.
 63176 | Abyss:2  | Found an ancient bone altar of Kikubaaqudgha.
 63176 | Abyss:2  | Found an ornate altar of the Wu Jian Council.
 63176 | Abyss:2  | Found a hide-covered altar of Uskayaw.
 63176 | Abyss:2  | Found a sparkling altar of Nemelex Xobeh.
 63199 | Abyss:2  | Found a shadowy altar of Dithmenos.
 63199 | Abyss:2  | Paralysed by accursed screaming for 1 turns
 63209 | Abyss:2  | Found a shimmering altar of Xom.
 63209 | Abyss:2  | Found a bloodstained altar of Trog.
 63213 | Abyss:2  | Found a hazy altar of Hepliaklqana.
 63213 | Abyss:2  | Found a blossoming altar of Fedhas.
 63213 | Abyss:2  | Found a shimmering blue altar of Sif Muna.
 63215 | Abyss:2  | Found a basalt altar of Yredelemnul.
 63215 | Abyss:2  | Found an opulent altar of Gozag.
 63215 | Abyss:2  | Found a blossoming altar of Fedhas.
 63365 | Abyss:2  | Found a snail-covered altar of Cheibriados.
 63366 | Abyss:2  | Found an ornate altar of the Wu Jian Council.
 63367 | Abyss:2  | Found a shadowy altar of Dithmenos.
 63532 | Abyss:2  | Found a shadowy altar of Dithmenos.
 63585 | Abyss:2  | Paralysed by an air elemental for 1 turns
 63594 | Abyss:2  | Noticed a bone dragon
 63606 | Elf:3    | Escaped the Abyss
 63620 | Elf:3    | Identified the ring of Compulsion {rPois rF- MP+9 Str+6
                  | Dex+2}
 63995 | Elf:3    | Identified the +2 robe "Zeopseqo" {*Slow rElec Int+4
                  | Stlth+}
 64377 | Elf:3    | Reached XP level 20. HP: 160/160 MP: 2/22
 64642 | Elf:3    | Identified the +0 mace of Malaise {freeze, rC+ Str+4
                  | Stlth-}
 64642 | Elf:3    | Identified the +2 leather armour "Jeseajyoke" {rN+ Dex+4}
 64961 | Elf:3    | Got Sif Muna's Incunabulum of the Trout
 64978 | Elf:3    | Identified the +1 ring mail "Movif" {Will+}
 65318 | Elf:3    | Identified the ring "Sudwigh" {rPois EV+5 Stlth+}
 66179 | Slime:1  | Entered Level 1 of the Pits of Slime
 66181 | Slime:1  | You are sucked into a shaft and drop 1 floor!
 67214 | Slime:4  | Reached skill level 5 in Polearms
 67500 | Slime:5  | Entered Level 5 of the Pits of Slime
 71089 | Slime:5  | Noticed the Royal Jelly
 71096 | Slime:5  | Killed the Royal Jelly
 71305 | Slime:5  | Found the amulet of the Air {Inacc Air Fly rElec RMsl}
 71324 | Slime:5  | Found the +7 great mace "Undeadhunter" {deathbane, rN+}
 71349 | Slime:5  | Got a slimy rune of Zot
 71353 | Slime:5  | Identified the +2 ring mail of Words of Power {rN+ Will+}
 71823 | Slime:5  | Identified the +9 falchion "Niom" {heavy, rF- rC++}
 72837 | Depths:1 | Entered Level 1 of the Depths
 72856 | Depths:1 | Found a transporter.
 72877 | Depths:1 | Found a transporter.
 73008 | Depths:1 | Found a transporter.
 73174 | Depths:1 | Found a shimmering blue altar of Sif Muna.
 74259 | Depths:1 | Identified a scroll of acquirement
 74266 | Depths:1 | Acquired 1116 gold pieces
 74291 | Depths:1 | Found a gateway to Hell.
 74815 | Depths:1 | Found a transporter.
 75008 | Depths:2 | Found Plog's Weapon Shop.
 75046 | Depths:2 | Reached skill level 15 in Fighting
 75169 | Depths:2 | Found Lecumo's Magic Scroll Emporium.
 75402 | Depths:2 | Bought a scroll of blinking for 97 gold pieces
 75402 | Depths:2 | Bought a scroll of fear for 52 gold pieces
 75402 | Depths:2 | Bought a scroll of fear for 52 gold pieces
 75460 | Depths:2 | Found a one-way gateway to a ziggurat.
 75529 | Depths:2 | Found Diehav's Book Emporium.
 75540 | Depths:2 | Reached XP level 21. HP: 168/168 MP: 6/23
 75725 | Depths:2 | Noticed Grunn
 75741 | Depths:2 | Noticed a juggernaut
 75741 | Depths:2 | Noticed a golden dragon
 75741 | Depths:2 | Noticed a caustic shrike
 75746 | Depths:2 | Killed from afar by a storm dragon

Illustrated notes

Levels and vault maps discovered:
D:1:      minmay_arrival_wavy_path, layout_basic, serial_shops, shop,
          minmay_misc_feat_ornament, minmay_crystal_water, st_stairs_7,
          chequers_serial_rivers_micro_a
D:2:      layout_basic, basic_altar
D:3:      kennysheep_six_static_rooms, layout_loops_corners
D:4:      layout_cave_pods
D:5:      layout_rooms, nicolae_overflow_hallway_of_the_gods,
          biasface_ghost_orc_armoury
D:6:      layout_cave_pods, minmay_temple_entry_arrows,
          chequers_serial_rivers_micro_a, moated_statue, st_stairs_5,
          minmay_crossroads
D:7:      layout_rooms, uniq_joseph, uniq_maggie, uniq_duvessa,
          uniq_prince_ribbit1
D:8:      layout_loops_cross, lair_entry_dummy, enter_ossuary_1, st_stairs_13,
          minmay_misc_feat_square
D:9:      layout_roguey, serial_shops, shop, library_closet, uniq_erolcha
D:10:     layout_basic, enter_bailey_5, gammafunk_ghost_nasty_kobolds,
          hangedman_misty_isle
D:11:     minmay_recursive_quarters, layout_gridville
D:12:     layout_basic, zombieorc2_lemuel, ashenzari_altar_1, uniq_kirke,
          uniq_psyche
D:13:     layout_grid_maze, gauntlet_entry_generic,
          nicolae_ru_sacrificial_ziggurat
D:14:     layout_roguey, hangedman_vaults_entry_quadrant_bands, serial_demonic,
          serial_demonic_c, serial_demonic_d, serial_demonic_f,
          serial_demonic_d, serial_demonic_c, serial_demonic_a,
          serial_demonic_c, st_stairs_9
D:15:     grunt_enter_depths_snipers, layout_loops_cross, minmay_misc_feat_x,
          uniq_nessos, uniq_louise
Lair:1:   layout_small_grid, grunt_megastairs_5
Lair:2:   layout_small_grid, guppyfry_snake_entry_garden, tgw_fedhas, uniq_sonja
Lair:3:   layout_small_grid, elwin_shoals_entry_rocks, lemuel_fruit_fields
Lair:4:   layout_long_grid, nicolae_slime_entry_slimehenge,
          gammafunk_ghost_ooze, gammafunk_lair_bear_cave
Lair:5:   hangedman_lair_tendril_chambers, layout_regular_city,
          fungi_pond_lemuel
Shoals:1: layout_shoals, serial_shops, nicolae_shop_behind_doors,
          nicolae_shoals_nymph_descending_staircase
Shoals:2: layout_shoals, nicolae_take_the_stairs, nicolae_shoals_loop_pool,
          uniq_polyphemus
Shoals:3: layout_shoals, uniq_roxanne
Shoals:4: shoals_end_simple, layout_shoals, serial_shops,
          nicolae_shop_window_shopping, nicolae_shop_gadgets
Snake:1:  layout_misc_corridors, nicolae_snake_gridmaze_tees,
          nicolae_snake_gridmaze_squiggle, grunt_megastairs_3,
          serial_bayou_shore_b, lemuel_fruit_tree
Snake:2:  layout_onion, serial_bayou, serial_bayou_ford_a, serial_bayou_pond_a,
          serial_bayou_lagoon_a, serial_bayou_pond_c, uniq_azrael
Snake:3:  layout_basic, st_stairs_2, minmay_shoptagon, grunt_megastairs_1
Snake:4:  hellmonk_snake_rune_quicksilver_temple, layout_cave_town,
          serial_shops, nicolae_square_shop, minmay_snake_pond, uniq_agnes,
          uniq_aizul, uniq_donald
Slime:1:  layout_caves
Slime:2:  layout_caves
Slime:3:  nicolae_slime_infinislime, layout_caves
Slime:4:  layout_caves
Slime:5
Orc:1:    layout_diamond_mine, basic_altar
Orc:2:    st_orc_open, layout_caves, serial_shops, shop, basic_altar,
          nicolae_orc_stony_grotto, nicolae_orc_lost_temple
Elf:1:    layout_geoelf_octagon, hangedman_elf_disciples,
          nicolae_elf_glassroom_feature, grunt_megastairs_2
Elf:2:    nicolae_elf_blades_crystal_corner, layout_geoelf_diagonals,
          serial_shops, shop, shop, nicolae_shop_crystal, elves_outpost_lemuel,
          minmay_shop_star
Elf:3:    grunt_elf_hall_spiral, layout_gridlike, basic_altar
Depths:1: layout_gridlike, hangedman_geh_valley, nicolae_sif_muna_condensation,
          nicolae_benzene_ring, nicolae_concentric_dashed_squares_mild,
          nicolae_diode_intersection
Depths:2: hangedman_cross_veins, layout_basic, enter_ziggurat_f,
          rand_demon_pan_entry_1, grunt_metal_band, serial_shops, shop_scrolls,
          nicolae_shop_competitors_out_of_business, nicolae_stop_n_shop_1, shop,
          uniq_grunn

Skill      XL: |  1  2  3  4  5  6  7  8  9 10 11 12 13 14 15 16 17 18 19 20 21 |
---------------+----------------------------------------------------------------+-----
Axes           | 3 4 7 8 9 12 14 15 | 15.8
Polearms       | 1 3 4 6 7 |  7.1
Armour         | 2 4 5 7 8 9 10 11 12 | 12.8
Shields        | 2 4 5 7 9 11 12 13 14 | 14.0
Fighting       | 4 5 6 8 10 12 14 15 | 15.0
Evocations     | 4 7 9 10 11 12 13 14 | 14.0
Throwing       | 2 4 6 8 9 10 11 12 | 12.0
Dodging        | 3 4 |  4.0
Spellcasting   | |  1.3
Fire Magic     | |  2.4

Action                     |  1- 3 |  4- 6 |  7- 9 | 10-12 | 13-15 | 16-18 | 19-21 || total
---------------------------+-------+-------+-------+-------+-------+-------+-------++-------
  Melee: Hand axe          |    27 |       |       |       |       |       |       ||    27
         Club              |    15 |       |       |       |       |       |       ||    15
         Spear             |   109 |   257 |       |       |       |       |       ||   366
         Punch             |     1 |       |       |       |       |       |       ||     1
         Rapier            |       |    47 |       |       |       |       |       ||    47
         War axe           |       |     3 |   359 |   672 |  1140 |  1124 |   519 ||  3817
         Demon trident     |       |       |       |       |       |       |   497 ||   497
   Fire: Sling             |       |       |       |       |    15 |     6 |       ||    21
  Throw: Dart              |    10 |     1 |     6 |       |    10 |   193 |    83 ||   303
         Boomerang         |       |       |       |       |    22 |       |     2 ||    24
         Javelin           |       |       |       |       |     3 |       |     2 ||     5
 Invoke: Fiery Armour      |     1 |       |     4 |     1 |     1 |     2 |     1 ||    10
         Foxfire Swarm     |       |       |     1 |     1 |       |       |       ||     2
         Rising Flame      |       |       |       |       |       |       |     1 ||     1
  Evoke: Wand              |       |     3 |    13 |       |     5 |     1 |     6 ||    28
         Lightning rod     |       |       |       |     2 |     3 |     4 |     8 ||    17
         Tin of tremorston |       |       |       |     2 |     7 |     8 |    10 ||    27
         Phantom mirror    |       |       |       |       |     4 |     2 |     2 ||     8
         Box of beasts     |       |       |       |       |       |     1 |     5 ||     6
         Condenser vane    |       |       |       |       |       |       |     1 ||     1
    Use: Scroll            |       |     3 |     3 |     2 |    20 |       |    17 ||    45
   Stab: Paralysed         |       |       |    12 |       |       |       |       ||    12
         Petrified         |       |       |       |       |     2 |     5 |       ||     7
         Distracted        |       |       |       |       |     1 |       |     2 ||     3
         Petrifying        |       |       |       |       |       |     1 |       ||     1
 Armour: Robe              |    49 |       |       |       |       |       |       ||    49
         Scale mail        |       |   110 |       |       |       |       |       ||   110
         Ring mail         |       |    27 |   192 |   312 |       |       |       ||   531
         Plate armour      |       |       |    44 |       |       |       |       ||    44
         Chain mail        |       |       |       |    64 |   778 |   786 |   458 ||  2086
  Dodge: Dodged            |    82 |   116 |   191 |   361 |   318 |   330 |   147 ||  1545
  Block: Buckler           |       |     3 |   138 |   241 |   296 |    85 |       ||   763
         Kite shield       |       |       |       |       |       |   382 |    41 ||   423
         Reflection        |       |       |       |       |       |    49 |     2 ||    51
         Tower shield      |       |       |       |       |       |       |   512 ||   512

Table legend: (Time is in decaauts)
 A = Elapsed time spent in this place.
 B = Non-inter-level travel time spent in this place.
 C = Inter-level travel time spent in this place.
 D = Time resting spent in this place.
 E = Time spent auto-exploring this place.
 F = Levels seen in this place.
 G = Mean time per level.
                   A        B        C        D        E       F      G
               +--------+--------+--------+--------+--------+-----+--------+
         Total |  75235 |  69948 |   5287 |   9517 |  48861 |  44 | 1709.9 |
       Dungeon |  23181 |  20488 |   2693 |   1623 |  14927 |  15 | 1545.4 |
          Lair |  10902 |  10036 |    866 |    589 |   8266 |   5 | 2180.4 |
        Shoals |   9100 |   8877 |    223 |   1619 |   5744 |   4 | 2275.0 |
     Snake Pit |  10019 |   9470 |    549 |   1168 |   7101 |   4 | 2504.8 |
    Slime Pits |   6377 |   6153 |    224 |   1860 |   3130 |   5 | 1275.4 |
  Orcish Mines |   2544 |   2158 |    386 |    248 |   1547 |   2 | 1272.0 |
   Elven Halls |   8011 |   7692 |    319 |   1799 |   4856 |   3 | 2670.3 |
        Depths |   2897 |   2873 |     24 |    113 |   2506 |   2 | 1448.5 |
         Abyss |    661 |    661 |      0 |    191 |    180 |   1 |  661.0 |
       Ossuary |    303 |    303 |      0 |      0 |    154 |   1 |  303.0 |
        Bailey |    569 |    569 |      0 |    146 |    166 |   1 |  569.0 |
      Gauntlet |    665 |    665 |      0 |    158 |    283 |   1 |  665.0 |
               +--------+--------+--------+--------+--------+-----+--------+

Top non-repeatable levels by time:
   Elf:2: 3815 daAuts
 Snake:4: 3166 daAuts
     D:2: 2841 daAuts
  Lair:5: 2712 daAuts
    D:14: 2702 daAuts
Shoals:4: 2686 daAuts
   Elf:3: 2664 daAuts
 Snake:3: 2646 daAuts
  Lair:4: 2530 daAuts
Shoals:1: 2459 daAuts
 Snake:1: 2319 daAuts
Depths:1: 2280 daAuts
Shoals:3: 2155 daAuts
  Lair:2: 2072 daAuts
 Slime:5: 2065 daAuts
